 Dungeon Crawl Stone Soup version 0.32-a0-560-g4c7f4391e0 (webtiles) character file.

Game seed: 476001679262918657

1831 javelincjr the Trooper (level 8, -3/64 HPs)
             Began as a Demonspawn Warper on Feb 29, 2024.
             Was a Follower of Beogh.
             Slain by a killer bee (20 damage)
             ... on level 7 of the Dungeon.
             The game lasted 00:22:07 (7091 turns).

javelincjr the Trooper (Demonspawn Warper)          Turns: 7091, Time: 00:22:08

Health: -3/64      AC:  7    Str: 13    XL:     8   Next: 86%
Magic:  14/14      EV:  2    Int: 15    God:    Beogh [*.....]
Gold:   187        SH:  0    Dex: 12    Spells: 4/15 levels left

rFire   . . .        D - +2 quarterstaff (chaos)
rCold   . . .        (shield currently unavailable)
rNeg    + . .        p - +1 robe {rN+}
rPois   .            (helmet restricted)
rElec   .            i - +0 cloak
rCorr   .            w - +2 pair of gloves
SInv    .            (no boots)
Will    .....        y - amulet of the acrobat
Stlth   +            (no ring)
HPRegen 0.30/turn    (no ring)
MPRegen 0.14/turn

%: acrobat
@: sleeping, wreathed by umbra
A: horns 1, demonic guardian 1, foul shadow 2
a: Renounce Religion


You were on level 7 of the Dungeon.
You worshipped Beogh.
Beogh was aware of your devotion.
You visited 1 branch of the dungeon, and saw 7 of its levels.

You collected 283 gold pieces.
You spent 96 gold pieces at shops.

Inventory:

Hand Weapons
 a - a +0 spear
 e - a +0 dagger of venom
 D - a +2 quarterstaff of chaos (weapon)
Missiles
 d - 7 darts of dispersal
 j - 19 poisoned darts (quivered)
Armour
 b - a +0 leather armour
 i - a +0 cloak (worn)
 p - a +1 robe of positive energy (worn)
 w - a +2 pair of gloves (worn)
 A - a +0 chain mail
 B - a +1 helmet of see invisible
 H - a +0 scale mail
Jewellery
 t - an amulet of magic regeneration
 y - an amulet of the acrobat (around neck)
 G - an amulet of guardian spirit
Wands
 l - a wand of polymorph (5)
 z - a wand of flame (9)
Scrolls
 c - a scroll of blinking
 g - a scroll of summoning {unknown}
 h - 3 scrolls of enchant weapon {unknown}
 m - a scroll of amnesia {unknown}
 o - a scroll of brand weapon {unknown}
 q - 2 scrolls of immolation {unknown}
 u - 2 scrolls of fear {unknown}
 v - 3 scrolls of teleportation
Potions
 f - a potion of degeneration {unknown}
 k - 2 potions of brilliance
 n - 2 potions of invisibility
 r - a potion of heal wounds {unknown}
 s - 2 potions of enlightenment {unknown}
 x - a potion of berserk rage {unknown}
 C - a potion of attraction {unknown}
 E - 4 potions of mutation {unknown}
 F - 2 potions of curing {unknown}
 I - a potion of might {unknown}


   Skills:
 * Level 6.1 Fighting
 + Level 4.4 Polearms
 - Level 1.0 Throwing
 + Level 4.0 Armour
 + Level 4.3 Dodging
 + Level 4.3 Spellcasting
 + Level 4.7 Translocations


You had 4 spell levels left.
You knew the following spells:

 Your Spells              Type           Power      Damage    Failure   Level
a - Blink                 Tloc           34%        N/A       3%          2
b - Lesser Beckoning      Tloc           34%        N/A       3%          2
c - Teleport Other        Tloc           17%        N/A       8%          3
d - Manifold Assault      Tloc           17%        N/A       24%         4

Your spell library contained the following spells:

 Spells                   Type           Power      Damage    Failure   Level
 Vhi's Electric Charge    Tloc/Air       20%        N/A       54%         4


Dungeon Overview and Level Annotations

Branches:
Dungeon (7/15)             Temple (0/1) D:6

Altars:
Cheibriados
Nemelex Xobeh
Xom

Shops:
D:6 *?(

Annotations:
D:6 3 runed translucent doors, dialectric's ghost, novice OpBr


Innate Abilities, Weirdness & Mutations

You have a pair of small horns on your head.
A weak demonic guardian rushes to your aid.
You are shadowed, sometimes releasing foul flame when damaged in melee.


Message History

You closely miss the killer bee.
The killer bee is heavily wounded.
You feel sick. The killer bee closely misses you. x2
You hit the killer bee. You freeze the killer bee.
The killer bee is heavily wounded.
You feel sick.
The killer bee stings you but does no damage.
The killer bee stings you. The killer bee closely misses you.
The kobold throws a stone.
The stone barely misses you.
You miss the killer bee.
The killer bee is heavily wounded.
You feel sick. The killer bee closely misses you. x2
You barely miss the killer bee. Your headbutt misses the killer bee.
The killer bee is heavily wounded.
You feel sick. The killer bee completely misses you.
The killer bee stings you but does no damage.
The kobold hits you but does no damage. The killer bee completely misses you.
You closely miss the kobold. You headbutt the kobold.
You kill the kobold!
Beogh accepts your kill.
You feel sick. The killer bee misses you.
The killer bee stings you but does no damage.
You miss the killer bee.
The killer bee is heavily wounded.
You feel sick.
You are no longer poisoned.
The killer bee stings you but does no damage.
The killer bee closely misses you.
You barely miss the killer bee. Your headbutt misses the killer bee.
The killer bee is heavily wounded.
The killer bee misses you.
The killer bee stings you but does no damage.
The sleepcap misses you. The sleepcap releases spores at you.
* * * LOW HITPOINT WARNING * * *
You are engulfed in a cloud of soporific spores!
You fall asleep.
The sleepcap is seared by the foul flame within you!
The sleepcap is moderately damaged.
The killer bee stings you!!
You die...

....#.###.....##
.#.............#
.....#........#
###.####....(...#
#.....##.#.....##
#.....##.##....#
#.....##.##.##.#
#..yf.##.##.##.#
#.(@$.##.......#
##)).)...##.####
#)#####.# # #.
#.# )) ... .#.
#.## .... #.# ..
.. ..# ##


You could see a sleepcap and a killer bee.

Vanquished Creatures
  A wyvern (D:5)
  A black bear (D:5)
  An ogre (D:5)
  A phantom (D:5)
  2 kobold brigands (D:7)
  5 scorpions
  4 killer bees (D:7)
  5 electric eels (D:6)
  2 bombardier beetles (D:5)
  5 hounds
  An orc priest (D:6)
  2 jellies
  Crazy Yiuf (D:5)
  Jessica (D:2)
  An iguana (D:5)
  2 orc wizards
  5 adders
  A white imp (D:7)
  3 dart slugs
  2 ribbon worms
  15 orcs
  4 endoplasms
  3 giant cockroaches
  12 goblins
  6 hobgoblins
  6 jackals
  14 kobolds
  4 quokkas
  2 ball pythons
  A bat (D:1)
  4 frilled lizards
  3 rats
120 creatures vanquished.

Vanquished Creatures (collateral kills)
  A sleepcap (D:6)
  An iguana (D:4)
  A ribbon worm (D:2)
  An orc (D:3)
  A giant cockroach (D:2)
5 creatures vanquished.

Vanquished Creatures (others)
  3 kobolds (D:7)
3 creatures vanquished.

Grand Total: 128 creatures vanquished

Notes
Turn   | Place    | Note
-------+----------+-------------------------------------------
     0 | D:1      | javelincjr the Demonspawn Warper began the quest for the
                  | Orb.
     0 | D:1      | Reached XP level 1. HP: 16/16 MP: 3/3
    57 | D:1      | Reached skill level 1 in Throwing
    83 | D:1      | Reached skill level 1 in Armour
   101 | D:1      | Gained mutation: A weak demonic guardian rushes to your
                  | aid. [demonic ancestry]
   101 | D:1      | Reached XP level 2. HP: 22/22 MP: 5/5
   690 | D:2      | Gained mutation: You are faintly shadowed, very rarely
                  | releasing foul flame when damaged in melee. [demonic
                  | ancestry]
   690 | D:2      | Reached XP level 3. HP: 24/27 MP: 6/6
  1273 | D:2      | Found a snail-covered altar of Cheibriados.
  1284 | D:2      | Noticed Jessica
  1291 | D:2      | Killed Jessica
  1292 | D:2      | Reached XP level 4. HP: 21/34 MP: 7/7
  1709 | D:2      | Learned a level 2 spell: Blink
  1712 | D:2      | Learned a level 2 spell: Lesser Beckoning
  2562 | D:4      | Gained mutation: You are shadowed, sometimes releasing foul
                  | flame when damaged in melee. [demonic ancestry]
  2562 | D:4      | Reached XP level 5. HP: 7/40 MP: 8/8
  2982 | D:4      | Reached skill level 3 in Fighting
  3127 | D:4      | Reached XP level 6. HP: 44/47 MP: 10/10
  3149 | D:4      | Found a shimmering altar of Xom.
  3352 | D:4      | Became a worshipper of Beogh the Shepherd
  3982 | D:5      | Entered Level 5 of the Dungeon
  4166 | D:5      | Found a sparkling altar of Nemelex Xobeh.
  4321 | D:5      | Reached skill level 4 in Fighting
  4321 | D:5      | Reached XP level 7. HP: 53/54 MP: 11/11
  5102 | D:5      | Found a runed translucent door.
  5103 | D:5      | Noticed Crazy Yiuf
  5111 | D:5      | Paralysed by Crazy Yiuf for 1 turns
  5117 | D:5      | Killed Crazy Yiuf
  5274 | D:5      | Noticed a wyvern
  5285 | D:5      | Killed a wyvern
  5286 | D:5      | Gained mutation: You have a pair of small horns on your
                  | head. [demonic ancestry]
  5286 | D:5      | Reached XP level 8. HP: 45/61 MP: 10/13
  5427 | D:5      | Reached skill level 5 in Fighting
  6225 | D:6      | Found a runed translucent gate.
  6225 | D:6      | Found a runed translucent gate.
  6225 | D:6      | Found a runed translucent gate.
  6230 | D:6      | Noticed dialectric's ghost (novice OpBr)
  6313 | D:6      | Found a staircase to the Ecumenical Temple.
  6384 | D:6      | Reached * piety under Beogh
  6396 | D:6      | Learned a level 3 spell: Teleport Other
  6401 | D:6      | Learned a level 4 spell: Manifold Assault
  6597 | D:6      | Found Plog's Antique Weapon Shoppe.
  6599 | D:6      | Found Uraonukuu's Magic Scroll Shop.
  6601 | D:6      | Found Udiave Hamn's Assorted Antiques.
  6756 | D:6      | Bought a lumpy puce potion for 24 gold pieces
  6756 | D:6      | Bought 2 blue potions for 48 gold pieces
  6756 | D:6      | Bought a viscous dark potion for 24 gold pieces
  7064 | D:7      | Reached skill level 6 in Fighting
  7091 | D:7      | Slain by a killer bee

Illustrated notes

Levels and vault maps discovered:
D:1:      nzn_arrival_depleted_hourglass, layout_basic
D:2:      layout_loops_corners, basic_altar, uniq_jessica
D:3:      layout_rooms, tso_metal_star
D:4:      layout_layer_cave, old_standard_altar
D:5:      layout_loops_ring, mainiacjoe_overflow_alcove_2,
          kennysheep_another_room, uniq_crazy_yiuf_cottage
D:6:      layout_basic, minmay_temple_entry_wispy, serial_bayou,
          serial_bayou_pond_e, serial_bayou_ford_a, serial_bayou_lagoon_a,
          serial_bayou_lake_a, gammafunk_ghost_necromancy,
          nicolae_wooded_promenade
D:7:      layout_loops_cross, grunt_temple_overflow_gold_and_silver,
          yredelemnul_forgotten_temple_becter, mainiacjoe_overflow_boulevard

Skill      XL: |  1  2  3  4  5  6  7  8 |
---------------+-------------------------+-----
Throwing       | 1 |  1.0
Armour         | 1 2 3 4 |  4.0
Polearms       | 2 3 4 |  4.4
Dodging        | 2 3 4 |  4.3
Translocations | 3 4 |  4.7
Fighting       | 3 4 6 |  6.1
Spellcasting   | 3 4 |  4.3

Action                     |  1- 3 |  4- 6 |  7- 9 || total
---------------------------+-------+-------+-------++-------
  Melee: Spear             |   114 |       |    17 ||   131
         Unarmed           |     1 |       |       ||     1
         Dagger            |       |   181 |   231 ||   412
         Quarterstaff      |       |       |    69 ||    69
         Headbutt          |       |       |    20 ||    20
  Throw: Dart              |       |     2 |     4 ||     6
   Cast: Lesser Beckoning  |       |     4 |     2 ||     6
         Blink             |       |       |     4 ||     4
 Invoke: Convert to Beogh  |       |     1 |       ||     1
  Evoke: Wand              |       |       |     5 ||     5
    Use: Scroll            |       |     3 |     1 ||     4
   Stab: Sleeping          |       |     1 |       ||     1
 Armour: Leather armour    |    50 |    12 |       ||    62
         Skin              |     1 |       |       ||     1
         Robe              |       |    92 |   126 ||   218
  Dodge: Dodged            |    37 |   123 |   140 ||   300

Table legend: (Time is in decaauts)
 A = Elapsed time spent in this place.
 B = Non-inter-level travel time spent in this place.
 C = Inter-level travel time spent in this place.
 D = Time resting spent in this place.
 E = Time spent auto-exploring this place.
 F = Levels seen in this place.
 G = Mean time per level.
                   A        B        C        D        E       F      G
               +--------+--------+--------+--------+--------+-----+--------+
         Total |   7129 |   6964 |    165 |    965 |   4737 |   7 | 1018.4 |
       Dungeon |   7129 |   6964 |    165 |    965 |   4737 |   7 | 1018.4 |
               +--------+--------+--------+--------+--------+-----+--------+

Top non-repeatable levels by time:
     D:4: 1584 daAuts
     D:5: 1436 daAuts
     D:6: 1414 daAuts
     D:2: 1255 daAuts
     D:3: 666 daAuts
     D:1: 615 daAuts
     D:7: 157 daAuts
